 Dungeon Crawl Stone Soup version 0.30-a0-743-gbfdf073431 (webtiles) character file.

Game seed: 11565269646484082467

72 BubbleThief the Stinger (level 4, -2/36 HPs)
             Began as a Naga Venom Mage on Feb 7, 2023.
             Killed by nerve-wracking pain
             ... invoked by an orc priest
              (14 damage)
             ... on level 3 of the Dungeon.
             The game lasted 00:03:13 (1528 turns).

BubbleThief the Stinger (Naga Venom Mage)           Turns: 1528, Time: 00:03:13

Health: -2/36      AC:  2    Str: 10    XL:     4   Next: 26%
Magic:  5/8        EV:  9    Int: 18    God:
Gold:   74         SH:  0    Dex: 11    Spells: 8/9 levels left

rFire   . . .      SeeInvis +    d - +0 dagger
rCold   . . .      Faith    .    (no shield)
rNeg    . . .      Spirit   .    a - +0 robe
rPois   +          Reflect  .    (no helmet)
rElec   .          Harm     .    (no cloak)
rCorr   +          Rampage  .    (no gloves)
Will    .....                    (no barding)
Stlth   ++                       (no amulet)
HPRegen 0.26/turn                m - ring of resist corrosion
MPRegen 0.11/turn                (no ring)

@: short of breath, very slow
A: AC +1, large, see invisible, deformed body, poison resistance, slowness 2,
spit poison 1, naga tail 1
a: Spit Poison


You were on level 3 of the Dungeon.
You visited 1 branch of the dungeon, and saw 3 of its levels.

You collected 74 gold pieces.

Inventory:

Hand Weapons
 d - a +0 dagger (weapon)
Armour
 a - a +0 robe (worn)
 k - a scarf of harm
Jewellery
 m - a ring of resist corrosion (left hand)
Scrolls
 c - a scroll of blinking {unknown}
 e - 4 scrolls of identify {unknown}
 f - a scroll of enchant weapon {unknown}
 g - a scroll of poison {unknown}
 o - a scroll of teleportation {unknown}
 q - a scroll of vulnerability {unknown}
Potions
 b - a potion of magic
 h - 2 potions of curing {unknown}
 i - a potion of heal wounds {unknown}
 j - a potion of degeneration {unknown}
 l - a potion of attraction {unknown}
 n - 2 potions of invisibility {unknown}
 p - a potion of haste {unknown}


   Skills:
 - Level 1.5 Dodging
 - Level 3.0 Stealth
 + Level 3.2 Spellcasting
 - Level 1.0 Transmutations
 + Level 5.4 Poison Magic


You had 8 spell levels left.
You knew the following spells:

 Your Spells              Type           Power      Damage    Failure   Level
a - Sting                 Tmut/Pois      56%        1d5       4%          1

Your spell library contained the following spells:

 Spells                   Type           Power      Damage    Failure   Level
 Poisonous Vapours        Pois/Air       24%        N/A       8%          2
 Olgreb's Toxic Radiance  Pois           22%        N/A       17%         4
 Mephitic Cloud           Conj/Pois/Air  9%         N/A       22%         3
 Blink                    Tloc           4%         N/A       24%         2
 Lesser Beckoning         Tloc           4%         N/A       24%         2
 Momentum Strike          Conj/Tloc      4%         3d8       24%         2


Dungeon Overview and Level Annotations

Branches:
Dungeon (3/15)

Altars:


Innate Abilities, Weirdness & Mutations

Your serpentine skin is tough. (AC +1)
You have supernaturally acute eyesight. (SInv)
Armour fits poorly on your strangely shaped body.
Your system is resistant to poisons. (rPois)
You cover ground very slowly.
You can spit poison.
You have a snake-like lower body.


Message History

The orc shouts!
You hear a shout!
Aiming: Spit Poison (1% risk of failure)
Press: ? - help, Shift-Dir - straight line, f - orc
Aim: an orc, wielding a +0 whip and quivering stones (59% to hit)
The splash of poison misses the orc. x2
An orc priest comes into view. It is wielding a +0 club.
Aiming: Sting (safe; 4% risk of failure)
Press: ? - help, Q - select action, (/) - cycle Shift-Dir - straight line, f/p - orc
Aim: an orc, wielding a +0 whip and quivering stones (71% to hit)
The sting hits the orc.
The orc is poisoned.
The orc is lightly wounded.
The orc priest calls down the wrath of Beogh upon you.
Beogh smites you!
The orc throws a stone.
The stone hits you.
The orc throws a stone.
The stone closely misses you.
Aiming: Sting (safe; 4% risk of failure)
Press: ? - help, Q - select action, (/) - cycle Shift-Dir - straight line, f/p - orc
Aim: an orc, wielding a +0 whip and quivering stones (heavily wounded, poisoned, 71% to hit)
The sting hits the orc.
The orc looks even sicker.
The orc is severely wounded.
Aiming: Sting (safe; 4% risk of failure)
Press: ? - help, Q - select action, (/) - cycle Shift-Dir - straight line, f/p - orc
Aim: an orc, wielding a +0 whip and quivering stones (almost dead, very poisoned, 71% to hit)
The sting misses the orc.
You have got your breath back.
You kill the orc!
The orc priest mumbles some strange prayers to Beogh against you.
Beogh smites you!
Aiming: Spit Poison (1% risk of failure)
Press: ? - help, Shift-Dir - straight line, f - orc
Aim: an orc, wielding a +0 flail (59% to hit)
The splash of poison hits the orc.
The orc is poisoned.
The orc is almost dead.
You kill the orc!
Aiming: Sting (safe; 4% risk of failure)
Press: ? - help, Q - select action, (/) - cycle Shift-Dir - straight line, f - you That beam is likely to hit you.
Continue anyway?
Okay, then.
The orc priest invokes the aid of Beogh against you.
Pain shoots through your body!
You die...

#... #.# #... #.#
#... #.#
#########... #.#
#...#....... #o#
#.#.#.####.. #)#
#.#.#.#..... #)#
#.#.#.#<#.#+ #@#
#.#.#.###.#. #.#
#.#.#.#...#.
#.#####.#.#.##(##.
#.#.......#.......
#.#.###.###....###
#.#.#.#.......##
#.#.#.#†###.#.#
#.#...#.###.#.#
#.###.#.....#.#


You could see an orc priest.

Vanquished Creatures
  Terence (D:2)
  2 worms
  A dart slug (D:1)
  2 orcs (D:3)
  3 ball pythons
  6 bats
  3 endoplasms
  2 giant cockroaches
  A goblin (D:1)
  2 hobgoblins (D:1)
  A frilled lizard (D:1)
  6 kobolds
  4 rats
34 creatures vanquished.

Notes
Turn   | Place    | Note
-------+----------+-------------------------------------------
     0 | D:1      | BubbleThief the Naga Venom Mage began the quest for the
                  | Orb.
     0 | D:1      | Reached XP level 1. HP: 15/15 MP: 3/3
    33 | D:1      | Found a faded altar of an unknown god.
    76 | D:1      | Reached XP level 2. HP: 22/22 MP: 1/5
   454 | D:1      | Reached XP level 3. HP: 28/28 MP: 6/6
   861 | D:2      | Noticed Terence
   869 | D:2      | Killed Terence
   870 | D:2      | Reached skill level 5 in Poison Magic
   870 | D:2      | Reached XP level 4. HP: 12/36 MP: 2/8
  1528 | D:3      | Killed from afar by an orc priest

Illustrated notes

Levels and vault maps discovered:
D:1:      heliophobic_arrival_battle_scene, layout_rooms,
          hellmonk_ecumenical_altar_arch_garden, palyth_stone_intersect
D:2:      layout_rooms, uniq_terence
D:3:      layout_basic

Skill      XL: |  1  2  3 |
---------------+----------+-----
Spellcasting   | 3 |  3.2
Poison Magic   | 5 |  5.4
Dodging        | |  1.5
Stealth        | |  3.0
Transmutations | |  1.0

Action                     |  1- 3 |  4- 6 || total
---------------------------+-------+-------++-------
  Melee: Unarmed           |     6 |       ||     6
         Dagger            |     2 |       ||     2
   Cast: Sting             |    33 |    13 ||    46
Ability: Spit Poison       |    24 |     7 ||    31
 Armour: Robe              |    11 |     2 ||    13
  Dodge: Dodged            |    14 |     2 ||    16

Table legend: (Time is in decaauts)
 A = Elapsed time spent in this place.
 B = Non-inter-level travel time spent in this place.
 C = Inter-level travel time spent in this place.
 D = Time resting spent in this place.
 E = Time spent auto-exploring this place.
 F = Levels seen in this place.
 G = Mean time per level.
                   A        B        C        D        E       F      G
               +--------+--------+--------+--------+--------+-----+--------+
         Total |   1916 |   1866 |     50 |      0 |   1575 |   3 |  638.7 |
       Dungeon |   1916 |   1866 |     50 |      0 |   1575 |   3 |  638.7 |
               +--------+--------+--------+--------+--------+-----+--------+

Top non-repeatable levels by time:
     D:1: 868 daAuts
     D:2: 584 daAuts
     D:3: 464 daAuts
